 Dungeon Crawl Stone Soup version 0.31-a0-229-g1fc7ce93e2 (webtiles) character file.

Game seed: 2646358485111867185

224 qw the Shooter (level 5, -1/45 HPs)
             Began as a Minotaur Hexslinger on July 6, 2023.
             Slain by an orc
             ... wielding a +0 club
              (4 damage)
             ... on level 4 of the Dungeon.
             The game lasted 00:00:59 (2279 turns).

qw the Shooter (Minotaur Hexslinger)                Turns: 2279, Time: 00:01:00

Health: -1/45      AC:  7    Str: 11    XL:     5   Next: 67%
Magic:  5/5        EV: 11    Int:  8    God:
Gold:   85         SH:  0    Dex: 22    Spells: 5/6 levels left

rFire   . . .        Y - +1 sling
rCold   . . .        (no shield)
rNeg    + . .        i - +2 ring mail {rN+}
rPois   .            (helmet restricted)
rElec   .            (no cloak)
rCorr   .            (no gloves)
SInv    .            (no boots)
Will    .....        (no amulet)
Stlth   +            (no ring)
HPRegen 0.27/turn    (no ring)
MPRegen 0.09/turn

%: clarity
@: no status effects
A: horns 2, retaliatory headbutt, agile 2, clarity
a: no special abilities


You were on level 4 of the Dungeon.
You visited 1 branch of the dungeon, and saw 4 of its levels.

You collected 85 gold pieces.


Innate Abilities, Weirdness & Mutations

You have a pair of horns on your head.
You reflexively headbutt those who attack you in melee.
You are very agile. (Dex +8, Str/Int -2)
You possess an exceptional clarity of mind.


   Skills:
 - Level 3.4 Fighting
 + Level 5.7 Ranged Weapons
 - Level 1.0 Armour
 - Level 2.1 Dodging
 - Level 1.0 Spellcasting
 - Level 2.0 Hexes


You had 5 spell levels left.
You knew the following spells:

 Your Spells              Type           Power      Damage    Failure   Level
a - Slow                  Hex            12%        N/A       38%         1

Your spell library contained the following spells:

 Spells                   Type           Power      Damage    Failure   Level
 Inner Flame              Hex/Fire       2%         N/A       88%         3
 Portal Projectile        Hex/Tloc       4%         N/A       88%         3
 Cause Fear               Hex            1%         N/A       99%         4

Inventory:

Hand Weapons
 Y - a +1 sling (weapon)
Armour
 i - a +2 ring mail of positive energy (worn)
Scrolls
 f - a scroll of identify
Potions
 a - a potion of enlightenment
 b - a potion of mutation
 d - a potion of curing

Dungeon Overview and Level Annotations

Branches:
Dungeon (4/15)
 Temple: D:4-7

Altars:
Makhleb


Message History

You shoot a sling bullet. The sling bullet barely misses the orc.
The sling bullet hits the orc but does no damage.
You hear a shout!
An orc priest comes into view. It is wielding a +0 hand axe.
You shoot a sling bullet. The orc priest shouts!
The sling bullet hits the orc.
The orc is almost dead.
You hear a shout!
You shoot a sling bullet. The sling bullet hits the orc!
You kill the orc!
An orc wizard comes into view. It is wielding a +0 dagger.
The orc wizard moves out of view.
You shoot a sling bullet. The sling bullet hits the orc!
You kill the orc!
The orc hits you but does no damage.
You shoot a sling bullet. The sling bullet hits the orc.
The orc is heavily wounded.
The orc hits you but does no damage.
You shoot a sling bullet. The sling bullet hits the orc.
The orc is severely wounded.
The orc hits you with a +0 club. The orc barely misses you.
You shoot a sling bullet. The sling bullet barely misses the orc.
The orc wizard shouts!
The orc hits you but does no damage. The orc wizard casts a spell at you.
You resist with some effort.
The orc priest calls upon Beogh to heal the orc.
The orc's wounds heal themselves!
The orc hits you with a +0 club.
You shoot a sling bullet. The sling bullet hits the orc.
The orc is heavily wounded.
The orc closely misses you. The orc barely misses you. You furiously retaliate!
You headbutt the orc. The orc hits you but does no damage.
An orc priest comes into view. It is wielding a +0 hand axe.
The orc barely misses you.
The orc priest hits you with a +0 hand axe.
You shoot a sling bullet. The sling bullet hits the orc.
You kill the orc!
The orc hits you with a +0 club.
You die...

#.# ... .
o.(
#o#####.#
........#
.......)#
......oo#
......)@#
........#
........#
.........
........#
........#
........#
.#.....$#


You could see 2 orc priests, an orc wizard and an orc.

Vanquished Creatures
  3 iron imps (D:3)
  An iguana (D:4)
  3 adders
  2 worms (D:2)
  A dart slug (D:3)
  12 orcs
  7 endoplasms
  A giant cockroach (D:1)
  5 goblins
  6 hobgoblins
  3 jackals (D:4)
  2 quokkas (D:1)
  4 ball pythons
  5 bats
  4 frilled lizards
  4 kobolds
  11 rats
74 creatures vanquished.

Notes
Turn   | Place    | Note
-------+----------+-------------------------------------------
     0 | D:1      | qw the Minotaur Hexslinger began the quest for the Orb.
     0 | D:1      | Reached XP level 1. HP: 16/16 MP: 1/1
     0 | D:1      | 0 ||| qw: Version: 0.3-a-46-gb1f654a
     0 | D:1      | 0 ||| qw: Game counter: 1277
     0 | D:1      | 0 ||| qw: Melee chars always use a shield: true
     0 | D:1      | 0 ||| qw: God list: Okawaru
     0 | D:1      | 0 ||| qw: Allow faded altars: false
     0 | D:1      | 0 ||| qw: Do Orc after clearing Dungeon:15 true
     0 | D:1      | 0 ||| qw: Do second Lair branch before Depths: true
     0 | D:1      | 0 ||| qw: Lair rune preference: random
     0 | D:1      | 0 ||| qw: Goals: Normal
     0 | D:1      | 0 ||| PLANNING D:1-11
   200 | D:1      | Reached skill level 3 in Ranged Weapons
   200 | D:1      | Reached XP level 2. HP: 23/23 MP: 2/2
   639 | D:1      | 639 ||| UPGRADING to +0 ring mail.
   649 | D:1      | 649 ||| DROPPING +0 robe.
   650 | D:1      | 650 ||| UPGRADING to +2 ring mail of positive energy.
   660 | D:1      | 660 ||| DROPPING +0 ring mail.
   661 | D:1      | 661 ||| DROPPING ring of magical power.
   662 | D:1      | 662 ||| READING scroll labelled WIKHEGG VIWN.
   663 | D:1      | 663 ||| READING 3 scrolls labelled HAMOMI HOANWU.
   664 | D:1      | 664 ||| READING 3 scrolls labelled GEMEYXKO VESO.
   665 | D:1      | 665 ||| DROPPING scroll of poison.
   666 | D:1      | 666 ||| DROPPING 2 scrolls of amnesia.
   872 | D:2      | Reached XP level 3. HP: 29/29 MP: 3/3
   888 | D:2      | 888 ||| FLEEEEING.
   965 | D:2      | Reached skill level 4 in Ranged Weapons
  1038 | D:2      | Reached skill level 1 in Armour
  1489 | D:2      | 1489 ||| DROPPING +6 ring of intelligence.
  1490 | D:2      | 1490 ||| READING scroll labelled GEZOPL MULOUM.
  1495 | D:2      | 1495 ||| READING scroll labelled SUEDUD USITT.
  1496 | D:2      | 1496 ||| DRINKING 2 metallic pink potions.
  1496 | D:2      | Gained mutation: You are agile. (Dex +4, Str/Int -1)
                  | [potion of mutation]
  1496 | D:2      | Gained mutation: You are very agile. (Dex +8, Str/Int -2)
                  | [potion of mutation]
  1496 | D:2      | Gained mutation: You possess an exceptional clarity of
                  | mind. [potion of mutation]
  1497 | D:2      | 1497 ||| READING 4 scrolls of identify.
  1497 | D:2      | 1497 ||| IDENTIFYING blue potion
  1498 | D:2      | 1498 ||| DROPPING potion of degeneration.
  1557 | D:3      | Reached XP level 4. HP: 36/36 MP: 4/4
  1706 | D:3      | Found a burning altar of Makhleb.
  1718 | D:3      | Reached skill level 5 in Ranged Weapons
  1720 | D:3      | Reached XP level 5. HP: 44/44 MP: 5/5
  1723 | D:3      | Reached skill level 3 in Fighting
  2054 | D:3      | 2054 ||| READING scroll labelled LAIJILA IDWIHE.
  2055 | D:3      | 2055 ||| READING 3 scrolls of identify.
  2055 | D:3      | 2055 ||| IDENTIFYING smoky inky potion
  2056 | D:3      | 2056 ||| READING 2 scrolls of identify.
  2056 | D:3      | 2056 ||| IDENTIFYING viscous clear potion
  2265 | D:4      | HP: 11/45 [orc priest/+0 short sword (1)]
  2266 | D:4      | 2266 ||| READING scroll of teleportation.
  2276 | D:4      | HP: 7/45 [orc/+0 club (5)]
  2278 | D:4      | HP: 3/45 [orc priest/+0 hand axe (2)]
  2279 | D:4      | Slain by an orc

Levels and vault maps discovered:
D:1:      amcnicky_arrival_flooded_fountain, layout_basic
D:2:      cheibrodos_old_hovel, layout_basic, chequers_serial_rivers_small_b
D:3:      layout_basic, demons_altar
D:4:      layout_basic, mainiacjoe_overflow_six_doors_small, serial_shops,
          nicolae_shop_window_shopping, serial_bayou_crossing

Skill      XL: |  1  2  3  4  5 |
---------------+----------------+-----
Ranged Weapons | 3 4 5 |  5.7
Fighting       | 2 3 |  3.4
Armour         | 1 |  1.0
Dodging        | |  2.1
Spellcasting   | |  1.0
Hexes          | |  2.0

Action                     |  1- 3 |  4- 6 || total
---------------------------+-------+-------++-------
   Fire: Sling             |   139 |    82 ||   221
    Use: Scroll            |     6 |     4 ||    10
         Potion            |     1 |       ||     1
 Armour: Robe              |     1 |       ||     1
         Ring mail         |    15 |    13 ||    28
  Dodge: Dodged            |    36 |    12 ||    48

Table legend:
 A = Non-vault XP
 B = Vault XP
 C = Vault XP percentage of total XP
 D = Non-vault monster count
 E = Vault monster count
 F = Vault count percentage of total count
                 A         B        C        D         E       F
            +---------+---------+-------+---------+---------+-------
      Total |     202 |     122 |  37.7 |      70 |       4 |   5.4
            +---------+---------+-------+---------+---------+-------
        D:1 |      26 |       0 |   0.0 |      18 |       0 |   0.0
        D:2 |      55 |       5 |   8.3 |      22 |       1 |   4.3
        D:3 |      51 |     117 |  69.6 |      16 |       3 |  15.8
        D:4 |      70 |       0 |   0.0 |      14 |       0 |   0.0
            +---------+---------+-------+---------+---------+-------
